 Dungeon Crawl Stone Soup version 0.31-a0-1127-ge7b2bbabab (webtiles) character file.

Game seed: 13891326506165049893

285994 tish the Convoker (level 20, -4/161 HPs)
             Began as an Octopode Conjurer on Dec 5, 2023.
             Was an Initiate of Gozag.
             Slain by a +0 giant spiked club (54 damage)
             ... on level 3 of the Elven Halls.
             The game lasted 03:01:21 (49940 turns).

tish the Convoker (Octopode Conjurer)              Turns: 49940, Time: 03:01:21

Health: -4/161     AC:  9    Str:  8    XL:     20   Next: 62%
Magic:  20/44      EV: 14    Int: 31    God:    Gozag
Gold:   6454       SH:  7    Dex: 17    Spells: 0/49 levels left

rFire   . . .        D - +4 sling "Xeackikaw" {speed, rElec rPois rC+}
rCold   + . .        h - +2 buckler
rNeg    . . .        N - +0 hat of Cocytus {rElec Stlth+}
rPois   +            n - amulet of magic regeneration
rElec   +            p - +4 ring of protection
rCorr   +            K - ring of magical power
SInv    +            i - ring "Raetacent" {Int+4 Dex+6}
Will    +....        z - ring of see invisible
Stlth   ++++         A - +4 ring of protection
HPRegen 0.46/turn    J - ring of resist corrosion
MPRegen 0.69/turn    E - +4 ring of slaying
                     Y - +4 ring of slaying

%: no passive effects
@: gold aura
A: almost no armour, amphibious, 8 rings, camouflage 1, gelatinous body 1,
(nimble swimmer 1), tentacles, low MP 1, robust 1
}: 2/15 runes: decaying, gossamer
a: Renounce Religion, Potion Petition, Call Merchant, Bribe Branch


You were on level 3 of the Elven Halls.
You worshipped Gozag.
Gozag was greatly pleased with you.
You visited 6 branches of the dungeon, and saw 32 of its levels.

You collected 13090 gold pieces.
You spent 3466 gold pieces at shops.
You paid 3170 gold pieces to Gozag.

Inventory:

Hand Weapons
 D - the +4 sling "Xeackikaw" (weapon) {speed, rElec rPois rC+}
   (You bought it in a shop on level 14 of the Dungeon)

   rC+:       It protects you from cold.
   rElec:     It insulates you from electricity.
   rPois:     It protects you from poison
Armour
 h - a +2 buckler (worn)
 N - the +0 hat of Cocytus (worn) {rElec Stlth+}
   (You found it on level 4 of the Spider Nest)

   rElec:     It insulates you from electricity.
   Stlth+:    It makes you more stealthy.
Jewellery
 b - a +6 ring of dexterity
 f - a ring of protection from cold
 i - the ring "Raetacent" (on tentacle) {Int+4 Dex+6}
   (You took it off a kobold on level 4 of the Dungeon)

   [ring of dexterity]

   Int+4:     It affects your intelligence (+4).
   Dex+6:     It affects your dexterity (+6).
 n - an amulet of magic regeneration (around mantle)
 p - a +4 ring of protection (left tentacle)
 z - a ring of see invisible (on tentacle)
 A - a +4 ring of protection (on tentacle)
 E - a +4 ring of slaying (on tentacle)
 J - a ring of resist corrosion (on tentacle)
 K - a ring of magical power (right tentacle)
 U - an amulet of the acrobat
 X - a ring of positive energy
 Y - a +4 ring of slaying (on tentacle)
Wands
 q - a wand of acid (26)
 x - a wand of paralysis (12)
 y - a wand of polymorph (19)
 G - a wand of mindburst (43)
 H - a wand of digging (3)
 S - a wand of iceblast (16)
Scrolls
 d - a scroll of immolation
 e - a scroll of poison
 k - 8 scrolls of teleportation
 l - 2 scrolls of brand weapon
 r - 5 scrolls of blinking
 v - 5 scrolls of fear
 C - 2 scrolls of silence
 I - 4 scrolls of amnesia
 L - 8 scrolls of identify
 M - 5 scrolls of enchant weapon
 O - 2 scrolls of fog
 P - 2 scrolls of torment
 Q - a scroll of summoning
 R - 2 scrolls of revelation
Potions
 a - 6 potions of magic
 g - 6 potions of haste
 j - 2 potions of mutation
 m - 2 potions of attraction
 o - 5 potions of cancellation
 s - 4 potions of might
 t - a potion of berserk rage
 u - 8 potions of brilliance
 w - 11 potions of curing
 B - 5 potions of invisibility
 F - a potion of enlightenment
 T - 5 potions of degeneration
 V - 6 potions of ambrosia
 W - 2 potions of heal wounds
 Z - 3 potions of resistance
Miscellaneous
 c - a phial of floods


   Skills:
 - Level 16.0 Fighting
 - Level 4.0 Dodging
 - Level 2.6 Stealth
 - Level 4.0 Shields
 - Level 15.0 Spellcasting
 - Level 16.0 Conjurations
 - Level 2.0 Hexes
 - Level 18.0 Summonings
 - Level 11.0 Necromancy
 + Level 9.3 Translocations
 - Level 0.4 Fire Magic


You couldn't memorise any spells.
You knew the following spells:

 Your Spells              Type           Power      Damage    Failure   Level
a - Magic Dart            Conj           100%       1d8       0%          1
b - Searing Ray           Conj           100%       2d8       0%          2
c - Fulminant Prism       Conj/Hex       34%        3d16      1%          4
d - Iskenderun's Mystic   Conj/Tloc      80%        2d16      1%          4
e - Haunt                 Necr/Summ      42%        N/A       6%          7
f - Blink                 Tloc           100%       N/A       1%          2
g - Summon Cactus Giant   Summ           47%        N/A       1%          6
h - Stone Arrow           Conj/Erth      100%       3d13      1%          3
i - Spellforged Servitor  Conj/Summ      45%        N/A       2%          7
j - Bombard               Conj/Erth      32%        9d6       17%         6
k - Malign Gateway        Summ/Tloc      41%        N/A       10%         7

Your spell library contained the following spells:

 Spells                   Type           Power      Damage    Failure   Level
 Foxfire                  Conj/Fire      100%       2x1d9     1%          1
 Lesser Beckoning         Tloc           100%       N/A       1%          2
 Momentum Strike          Conj/Tloc      100%       3d10      1%          2
 Dazzling Flash           Conj/Hex       100%       N/A       1%          3
 Summon Guardian Golem    Hex/Summ       71%        N/A       1%          3
 Brom's Barrelling Bould  Conj/Erth      64%        2d8       1%          4
 Flame Wave               Conj/Fire      65%        2d15      1%          4
 Manifold Assault         Tloc           69%        N/A       1%          4
 Sticky Flame             Conj/Fire      65%        2d8       1%          4
 Summon Ice Beast         Ice/Summ       68%        N/A       1%          4
 Summon Lightning Spire   Summ/Air       68%        N/A       1%          4
 Summon Mana Viper        Hex/Summ       71%        N/A       1%          5
 Monstrous Menagerie      Summ           47%        N/A       1%          7
 Freeze                   Ice            92%        1d9       3%          1
 Sandblast                Erth           46%        2d11      3%          1
 Sting                    Tmut/Pois      92%        1d7       3%          1
 Ensorcelled Hibernation  Hex/Ice        58%        N/A       3%          2
 Scorch                   Fire           52%        2d7       3%          2
 Tukima's Dance           Hex            35%        N/A       3%          3
 Dimensional Bullseye     Hex/Tloc       27%        N/A       3%          4
 Arcjolt                  Conj/Air       32%        1d42      3%          5
 Orb of Destruction       Conj           44%        9d12      3%          7
 Passwall                 Tmut/Erth      19%        N/A       4%          2
 Poisonous Vapours        Pois/Air       46%        N/A       4%          2
 Vhi's Electric Charge    Tloc/Air       100%       N/A       4%          4
 Ignite Poison            Fire/Tmut/Pois 24%        N/A       9%          3
 Summon Horrible Things   Summ           47%        N/A       12%         8
 Starburst                Conj/Fire      32%        6d10      16%         6
 Leda's Liquefaction      Hex/Erth       14%        N/A       19%         4
 Olgreb's Toxic Radiance  Pois           23%        N/A       28%         4
 Petrify                  Tmut/Erth      23%        N/A       28%         4
 Metabolic Englaciation   Hex/Ice        14%        N/A       47%         5
 Lee's Rapid Deconstruct  Erth           11%        3d8*      63%         5
 Borgnjor's Revivificati  Necr           37%        N/A       91%         8
 Plasma Beam              Fire/Air       12%        2x1d23    99%         6
 Ozocubu's Refrigeration  Ice            11%        4d10      100%        7
 Ignition                 Fire           13%        3d6       100%        8
 Lehudib's Crystal Spear  Conj/Erth      32%        10d8      100%        8
 Maxwell's Capacitive Co  Air            11%        ∞         100%        8
 Death's Door             Necr           37%        N/A       100%        9
 Polar Vortex             Ice            11%        12d1*     100%        9
 Animate Armour           Summ/Erth      Unusable   N/A       N/A         4
 Simulacrum               Ice/Necr       Unusable   N/A       N/A         6

Dungeon Overview and Level Annotations

Branches:
Dungeon (14/15)            Temple (0/1) D:6            Lair (5/5) D:9
  Swamp (4/4) Lair:3       Spider (4/4) Lair:2        Slime (0/5) Lair:5
    Orc (2/2) D:10            Elf (3/3) Orc:2        Vaults (0/5) D:13

Altars:
Ashenzari
Cheibriados
Gozag
Makhleb
Nemelex Xobeh
Okawaru
Ru
Trog
Uskayaw
Wu Jian
Xom
The Shining One
Jiyva

Shops:
D:6 (   D:12 *   D:13 :(   D:14 (   Orc:2 ?!=::   Elf:3 [   Lair:5 :

Annotations:
D:14 3 runed translucent doors, Waitepy's ghost, journeyman DjAE
Swamp:3 2 transporters, sanka's ghost, adept SpEn
Spider:1 2 transporters, Bnni's ghost, adept MiFi


Innate Abilities, Weirdness & Mutations

You cannot wear most types of armour.
You are amphibious.
You can wear up to eight rings at the same time.
Your skin changes colour to match your surroundings (Stealth+).
Your rubbery body absorbs attacks. (AC +1, EV +1)
((You are camouflaged when in or above water. (Stealth+)))
You have tentacles for arms and can constrict up to eight enemies at once.
Your magical capacity is low. (-10% MP)
You are robust. (+10% HP)


Message History

Okay, then.
Casting: Haunt (dangerous; 6% risk of failure)
Confirm with . or Enter, or press ? or * to list all spells.
You blink.
Casting: Blink (safe; 1% risk of failure)
Confirm with . or Enter, or press ? or * to list all spells.
You can't see any susceptible monsters within range! (Use Z to cast anyway.)
Your phantasmal warrior gestures at the +0 mace.
Your phantasmal warrior blinks!
Casting: Blink (safe; 1% risk of failure)
Confirm with . or Enter, or press ? or * to list all spells.
Aiming: Stone Arrow (safe; 1% risk of failure)
Press: ? - help, Shift-Dir - straight line, f/p - +0 giant spiked club
Aim: a +0 giant spiked club (heavily damaged, ally target, 61% to hit)
The stone arrow hits the +0 giant spiked club!
The +0 giant spiked club is severely damaged.
You feel ready to blink again.
Your spellforged servitor casts a spell at the +0 giant spiked club.
The iron shot misses the +0 giant spiked club.
Your spellforged servitor is knocked back by the blast.
Your phantasmal warrior completely misses the +0 mace.
Casting: Stone Arrow (safe; 1% risk of failure)
Confirm with . or Enter, or press ? or * to list all spells.
Aiming: Stone Arrow (safe; 1% risk of failure)
Press: ? - help, Shift-Dir - straight line, f/p - +0 giant spiked club
Aim: a +0 giant spiked club (severely damaged, ally target, 61% to hit)
Okay, then.
Casting: Stone Arrow (safe; 1% risk of failure)
Confirm with . or Enter, or press ? or * to list all spells.
You blink.
You block the +0 mace's attack.
You feel much better.
You feel ready to blink again. The +0 mace hits you!
Your spellforged servitor points at the +0 giant spiked club and mumbles some strange words.
The iron shot hits the +0 demon whip!!!
The +0 demon whip turns to gold and falls from the air.
Your spellforged servitor is knocked back by the blast.
The +0 giant spiked club hits you!!!
You die...
Your body crumbles into a pile of gold.

###....# #.......#'
#'#..# ##'##+####
#.#### ##.###.# # #.#
##.## #.# ###'#####.##
#.# ##.....##.## #.#
##.......'## ####'##
##.........## #.....#
#....(@.)...###.....###
#...W(C.....'.'.....'..
#.§.........###.....###
#.......$...# #.....#
#......)....#########
##....)....(.#
##......($..#
##....##'9'#
###'##.....# #


You could see 4 dancing weapons, a friendly spellforged servitor (summoned), a
friendly phantasmal warrior (summoned) and a friendly cactus giant (summoned).

Vanquished Creatures
  Jorgrun (Swamp:1)
  Mlioglotl (Swamp:2)
  Gastronok (Lair:1)
  A deep elf sorcerer (Elf:3)
  A deep elf elementalist (Elf:3)
  An emperor scorpion (Spider:4)
  2 ghost moths (Spider:4)
  An orc warlord (Orc:1)
  An eleionoma (Swamp:4)
  A deep elf demonologist (Elf:3)
  An entropy weaver (shapeshifter) (D:13)
  Erolcha (D:11)
  10 hydras
  4 catoblepae (Lair:5)
  2 alligators (Swamp:4)
  3 boulder beetles
  8 death yaks
  4 dancing weapons (Elf:2)
  2 centaur warriors (D:13)
  2 orc high priests
  7 two-headed ogres
  3 deep elf knights
  2 skysharks
  Amaemon (Lair:1)
  An arcanist (D:13)
  4 spriggan druids
  2 deep elf archers (Elf:1)
  5 lindwurms
  2 necromancers (D:13)
  3 orc knights
  Pikel (D:9)
  A deep elf zephyrmancer (Elf:1)
  Maurice (D:9)
  A wolf spider (Spider:1)
  A steelbarb worm (Spider:1)
  5 orc sorcerers
  4 manticores
  A moth of wrath (Spider:1)
  5 deep elf pyromancers
  3 cyclopes
  15 elephants
  7 black mambas
  An orange demon (Lair:1)
  2 gargoyles
  8 cane toads
  A torpor snail (Spider:3)
  Psyche (D:9)
  Jeremiah (D:9)
  6 rime drakes
  10 nameless horrors
  6 komodo dragons
  2 kobold demonologists (D:10)
  An unseen horror (D:11)
  9 trolls
  2 polar bears (Lair:5)
  4 hornets
  A tarantella (Spider:4)
  4 blink frogs
  A tyrant leech (Swamp:4)
  11 dream sheep
  4 jumping spiders
  5 culicivoras
  5 spriggans
  2 shadows
  65 yaks
  4 wyverns
  3 wraiths
  2 steam dragons
  8 wargs
  8 redbacks
  4 vampire mosquitoes (D:11)
  4 swamp worms (Swamp:2)
  12 water moccasins
  A black bear (D:6)
  A swamp drake (Swamp:4)
  3 sky beasts
  29 orc warriors
  19 wolves
  6 ogres
  3 lemures (D:9)
  7 centaurs
  A phantom (D:4)
  5 kobold brigands
  Blork the orc (D:6)
  2 gnoll sergeants
  11 bullfrogs
  2 scorpions
  3 wights (D:8)
  14 killer bees
  4 howler monkeys
  2 electric eels
  2 jellies
  26 orc priests
  4 hounds
  A sleepcap (D:8)
  3 iguanas
  50 orc wizards
  Robin (D:3)
  9 adders
  16 gnolls
  2 white imps
  2 ufetubi (D:7)
  A worm (D:3)
  4 dart slugs
  93 orcs
  3 endoplasms
  5 giant cockroaches
  22 goblins
  5 hobgoblins
  2 quokkas (D:5)
  7 ball pythons
  3 bats
  4 frilled lizards
  18 kobolds
  6 rats
723 creatures vanquished.

Vanquished Creatures (collateral kills)
  Bai Suzhen (Spider:4)
  4 deep elf blademasters
  4 deep elf master archers (Elf:3)
  A thorn hunter (Swamp:4)
  Roxanne (Spider:4)
  The ghost of Prykner the Brawler, an adept NaSh of Wu Jian (Swamp:2)
  Aizul (Swamp:3)
  7 emperor scorpions
  Louise (Swamp:4)
  2 ghost moths (Spider:4)
  4 deep elf sorcerers (Elf:3)
  2 deep elf elementalists
  A broodmother (Spider:3)
  An eleionoma (Swamp:2)
  3 bunyips (Swamp:3)
  8 deep elf annihilators
  2 deep elf demonologists
  The ghost of blanketernal the Cruncher, a journeyman MiGl of Gozag (Lair:1)
  A spark wasp (Spider:4)
  The ghost of Dahifo the Grappler, a journeyman TrMo of Hepliaklqana (D:13)
  2 deep elf death magi
  A fire dragon (D:13)
  4 entropy weavers
  A deep elf high priest (Elf:3)
  13 hydras
  7 alligators
  2 radroaches
  A jorogumo (Spider:4)
  3 centaur warriors
  25 dancing weapons
  3 boulder beetles
  A two-headed ogre (D:12)
  5 demonic crawlers
  9 deep elf knights
  2 pharaoh ants
  2 goliath frogs (Swamp:3)
  2 spriggan druids
  A sun moth (Spider:4)
  2 bog bodies
  13 swamp dragons
  7 orb spiders
  12 deep elf archers
  8 steelbarb worms
  32 deep elf zephyrmancers
  An ugly thing (D:12)
  16 deep elf pyromancers
  2 will-o-the-wisps
  11 wolf spiders
  An elephant (shapeshifter) (Elf:3)
  2 moths of wrath (Spider:4)
  3 slime creatures (D:14)
  A water nymph (shapeshifter) (Elf:2)
  A cane toad (shapeshifter) (Elf:1)
  4 torpor snails
  2 rime drakes
  A freezing wraith (D:14)
  7 hornets
  3 meliai (Spider:1)
  12 tyrant leeches
  6 tarantellas
  16 jumping spiders
  A centaur simulacrum (D:14)
  6 spriggans
  9 culicivoras
  3 air elementals
  A wraith (D:12)
  A water elemental (Elf:1)
  3 fire elementals
  A basilisk (D:13)
  4 vampire mosquitoes
  31 redbacks
  5 swamp worms
  An acid dragon (D:9)
  3 nameless horrors
  4 swamp drakes (Swamp:4)
  6 centaurs (D:13)
  An earth elemental (Elf:2)
  An electric eel (Elf:3)
  An orc priest (D:12)
  2 orcs (D:12)
378 creatures vanquished.

Vanquished Creatures (others)
  Nikola (Swamp:4)
  A deep elf knight (Elf:2)
  2 bloated husks
  4 foxfires (Swamp:1)
  376 fulminant prisms
  6 spectral weapons
390 creatures vanquished.

Grand Total: 1491 creatures vanquished

Notes
Turn   | Place    | Note
-------+----------+-------------------------------------------
     0 | D:1      | tish the Octopode Conjurer began the quest for the Orb.
     0 | D:1      | Reached XP level 1. HP: 11/11 MP: 3/3
    67 | D:1      | You fall into a shaft and drop 1 floor!
   144 | D:2      | Reached XP level 2. HP: 12/17 MP: 0/5
   344 | D:1      | Learned a level 2 spell: Searing Ray
   992 | D:1      | Reached XP level 3. HP: 22/22 MP: 4/7
  1666 | D:2      | Reached skill level 1 in Fighting
  2234 | D:3      | Reached XP level 4. HP: 28/28 MP: 6/9
  2295 | D:3      | Found a burning altar of Makhleb.
  2295 | D:3      | Found an opulent altar of Gozag.
  2300 | D:3      | Became a worshipper of Gozag Ym Sagoz the Greedy
  2352 | D:3      | Noticed Robin
  2375 | D:3      | Killed Robin
  2523 | D:3      | Learned a level 4 spell: Fulminant Prism
  2528 | D:3      | Learned a level 4 spell: Iskenderun's Mystic Blast
  2656 | D:3      | Reached XP level 5. HP: 34/34 MP: 8/11
  2747 | D:3      | Found a faded altar of an unknown god.
  3216 | D:3      | Reached skill level 5 in Conjurations
  3362 | D:4      | Reached XP level 6. HP: 20/42 MP: 3/12
  3446 | D:4      | Identified the ring "Raetacent" {Int+4 Dex+6}
  3839 | D:4      | Found a shimmering altar of Xom.
  4000 | D:5      | Entered Level 5 of the Dungeon
  4168 | D:5      | Reached XP level 7. HP: 47/47 MP: 10/13
  4982 | D:6      | Reached skill level 5 in Spellcasting
  4982 | D:6      | Reached XP level 8. HP: 44/54 MP: 11/15
  5050 | D:6      | Found Voimi's Weapon Shoppe.
  5062 | D:6      | Found the +2 cloak of the Thief {*Fog Slay-2 SInv Stlth+}
  5197 | D:6      | Noticed Blork the orc
  5206 | D:6      | Killed Blork the orc
  5207 | D:6      | Reached skill level 1 in Hexes
  5207 | D:6      | Reached skill level 1 in Translocations
  5591 | D:6      | Reached skill level 5 in Fighting
  5633 | D:6      | Found a staircase to the Ecumenical Temple.
  6168 | D:7      | Reached XP level 9. HP: 55/61 MP: 7/16
  6361 | D:7      | Found a broken altar of Ashenzari.
  6431 | D:7      | Found an ornate altar of the Wu Jian Council.
  6822 | D:8      | Reached skill level 10 in Conjurations
  7046 | D:8      | Reached XP level 10. HP: 51/68 MP: 11/19
  7373 | D:8      | Noticed a two-headed ogre
  7429 | D:8      | Killed a two-headed ogre
  7937 | D:8      | Found a glowing golden altar of the Shining One.
  7975 | D:8      | Found a glowing golden altar of the Shining One.
  8202 | D:8      | Gained mutation: Your magical capacity is low. (-10% MP)
                  | [potion of mutation]
  8202 | D:8      | Gained mutation: You are robust. (+10% HP) [potion of
                  | mutation]
  8224 | D:9      | Noticed Pikel
  8234 | D:9      | Killed Pikel
  8637 | D:9      | Reached XP level 11. HP: 66/84 MP: 4/18
  8680 | D:9      | Noticed Maurice
  8690 | D:9      | Killed Maurice
  8864 | D:9      | Noticed Jeremiah
  8868 | D:9      | Noticed Psyche
  8896 | D:9      | Killed Jeremiah
  8899 | D:9      | Killed Psyche
  9107 | D:9      | Found a staircase to the Lair.
  9306 | D:10     | Entered Level 10 of the Dungeon
  9436 | D:10     | Found a snail-covered altar of Cheibriados.
  9462 | D:10     | Found a sacrificial altar of Ru.
  9462 | D:10     | Found a sparkling altar of Nemelex Xobeh.
  9993 | D:10     | Found a staircase to the Orcish Mines.
 10420 | Lair:1   | Entered Level 1 of the Lair of Beasts
 10752 | Lair:1   | Reached skill level 10 in Fighting
 10904 | Lair:1   | Noticed Amaemon
 10926 | Lair:1   | Killed Amaemon
 10927 | Lair:1   | Reached XP level 12. HP: 91/95 MP: 5/21
 10967 | Lair:1   | Found a runed translucent door.
 10968 | Lair:1   | Noticed blanketernal's ghost (journeyman MiGl)
 10969 | Lair:1   | Noticed a boulder beetle
 11044 | Lair:1   | Noticed Gastronok
 11519 | Lair:1   | Killed Gastronok
 11672 | Lair:2   | Noticed a death yak
 12244 | Lair:2   | Reached skill level 1 in Shields
 12415 | Lair:2   | Noticed a death yak
 12420 | Lair:2   | Noticed a death yak
 12421 | Lair:2   | Noticed a death yak
 12421 | Lair:2   | Noticed a death yak
 12438 | Lair:2   | Killed a death yak
 12438 | Lair:2   | Killed a death yak
 12438 | Lair:2   | Killed a death yak
 12438 | Lair:2   | Killed a death yak
 12438 | Lair:2   | Killed a death yak
 13038 | Lair:2   | Found a hole to the Spider Nest.
 13358 | Lair:2   | Reached XP level 13. HP: 106/106 MP: 5/23
 13749 | Lair:2   | Learned a level 7 spell: Haunt
 13875 | Lair:3   | Reached skill level 1 in Summonings
 13875 | Lair:3   | Reached skill level 1 in Necromancy
 13909 | Lair:3   | Reached skill level 2 in Summonings
 14748 | Lair:3   | Reached skill level 3 in Summonings
 14777 | Lair:3   | Reached skill level 10 in Spellcasting
 15313 | Lair:3   | Reached skill level 4 in Summonings
 15440 | Lair:3   | Found a staircase to the Swamp.
 16300 | Lair:4   | Reached skill level 5 in Summonings
 16300 | Lair:4   | Reached skill level 5 in Necromancy
 16929 | Lair:4   | Identified the +2 long sword "Kyeti" {venom, *Slow Fly
                  | Int+3}
 17009 | Lair:4   | Reached skill level 6 in Summonings
 17740 | Lair:4   | Reached XP level 14. HP: 109/114 MP: 19/25
 18077 | Orc:1    | Entered Level 1 of the Orcish Mines
 18104 | Orc:1    | Noticed an orc warlord
 18121 | Orc:1    | Reached skill level 7 in Summonings
 18309 | Orc:1    | Killed an orc warlord
 18861 | Orc:2    | Entered Level 2 of the Orcish Mines
 19285 | Orc:2    | Paralysed by an orc sorcerer for 4 turns
 19364 | Orc:2    | Paralysed by an orc sorcerer for 3 turns
 19507 | Orc:2    | Found Kodenar's Magic Scroll Boutique.
 19507 | Orc:2    | Found Isampaafine's Jewellery Shop.
 19508 | Orc:2    | Found Ganynirr's Book Shop.
 19512 | Orc:2    | Found Ilum's Distillery.
 19515 | Orc:2    | Bought a scroll of identify for 24 gold pieces
 19515 | Orc:2    | Bought a scroll of identify for 24 gold pieces
 19518 | Orc:2    | Bought a potion of enlightenment for 50 gold pieces
 19518 | Orc:2    | Bought a potion of degeneration for 10 gold pieces
 19518 | Orc:2    | Bought a potion of brilliance for 40 gold pieces
 19637 | Orc:1    | Reached skill level 8 in Summonings
 20068 | Orc:2    | Found Inew's Vocational Training.
 20073 | Orc:2    | Found a staircase to the Elven Halls.
 20582 | Orc:2    | Bought an Inescapable Atlas for 224 gold pieces
 20582 | Orc:2    | Bought a book of Scorching for 420 gold pieces
 20585 | Orc:2    | Learned a level 2 spell: Blink
 20592 | Orc:2    | Learned a level 6 spell: Summon Cactus Giant
 20799 | Lair:5   | Entered Level 5 of the Lair of Beasts
 20809 | Lair:5   | Found a glowing golden altar of the Shining One.
 22148 | Lair:5   | Reached skill level 9 in Summonings
 22423 | Lair:5   | Found a viscous altar of Jiyva.
 22423 | Lair:5   | Found a staircase to the Slime Pits.
 22463 | Lair:5   | Learned a level 3 spell: Stone Arrow
 23045 | Lair:5   | Reached XP level 15. HP: 101/123 MP: 11/26
 23435 | Lair:5   | Bought a book of Dangerous Friends for 520 gold pieces
 23435 | Lair:5   | Bought a Grand Grimoire for 442 gold pieces
 23809 | D:11     | Found an opulent altar of Gozag.
 24037 | D:11     | Noticed Erolcha
 24044 | D:11     | Killed Erolcha
 24097 | D:11     | Reached skill level 10 in Summonings
 24183 | D:11     | Reached skill level 10 in Necromancy
 24636 | D:11     | Identified the +0 pair of gloves "Itwy Newna" {Rampage
                  | Dex+4}
 24719 | D:12     | Found Butt's General Store.
 24887 | D:12     | Bought a scroll of enchant weapon for 90 gold pieces
 24887 | D:12     | Bought a scroll of enchant armour for 90 gold pieces
 25697 | D:13     | Found Ygeoqead's Antique Weapon Shop.
 26248 | D:13     | Learned a level 7 spell: Spellforged Servitor
 26912 | D:13     | Found Lidag's Book Shoppe.
 26959 | D:13     | Found a runed translucent gate.
 26960 | D:13     | Found a runed translucent gate.
 26960 | D:13     | Found a runed translucent gate.
 26960 | D:13     | Noticed Dahifo's ghost (journeyman TrMo)
 27152 | D:13     | Found a gate to the Vaults.
 27484 | Swamp:1  | Entered Level 1 of the Swamp
 27822 | Swamp:1  | Noticed Jorgrun
 27835 | Swamp:1  | Killed Jorgrun
 27963 | Swamp:1  | Reached skill level 11 in Summonings
 28398 | Swamp:2  | Reached XP level 16. HP: 130/130 MP: 27/28
 28613 | Swamp:2  | Noticed Mlioglotl
 29098 | Swamp:2  | Killed Mlioglotl
 29171 | Swamp:2  | Noticed Prykner's ghost (adept NaSh)
 29172 | Swamp:2  | Found a runed translucent door.
 29453 | Lair:1   | Killed blanketernal's ghost
 29461 | Lair:1   | Reached skill level 12 in Summonings
 29464 | Lair:1   | Identified the +11 triple sword "Zeiduafis" {freeze, Dex+3}
 29642 | Swamp:2  | Killed Prykner's ghost
 30050 | Swamp:3  | Found a bloodstained altar of Trog.
 30061 | Swamp:3  | Identified a scroll of acquirement
 30089 | Swamp:3  | Found a transporter.
 30095 | Swamp:3  | Found a shimmering altar of Xom.
 30098 | Swamp:3  | Found a transporter.
 30111 | Swamp:3  | Noticed sanka's ghost (adept SpEn)
 30149 | Swamp:3  | Reached skill level 13 in Summonings
 30706 | Swamp:4  | Entered Level 4 of the Swamp
 30794 | Swamp:4  | Noticed a thorn hunter
 31051 | Swamp:4  | Identified the serpent talisman of Imoerhyb {rC+ Will-
                  | Dex+6}
 31051 | Swamp:4  | Noticed Aizul
 31373 | Swamp:3  | Killed Aizul
 31374 | Swamp:3  | Reached skill level 15 in Fighting
 31617 | Swamp:4  | Killed a thorn hunter
 32412 | Swamp:4  | Reached skill level 14 in Summonings
 32669 | Swamp:4  | Noticed Nikola
 32796 | Swamp:4  | Noticed Louise
 32802 | Swamp:4  | Killed Louise
 32998 | Swamp:4  | Reached XP level 17. HP: 104/135 MP: 18/29
 33195 | Swamp:4  | Got a decaying rune of Zot
 33435 | Swamp:4  | Killed Nikola
 33436 | Swamp:4  | Reached skill level 15 in Summonings
 33697 | Lair:5   | Bought a book of the Earth for 468 gold pieces
 34136 | D:13     | Killed Dahifo's ghost
 34230 | D:13     | Identified the +3 scimitar of Copso {heavy, Dex+2}
 34287 | D:14     | Found a runed translucent gate.
 34287 | D:14     | Found a runed translucent gate.
 34287 | D:14     | Found a runed translucent gate.
 34291 | D:14     | Noticed Waitepy's ghost (journeyman DjAE)
 34746 | D:14     | Found a hide-covered altar of Uskayaw.
 34935 | D:14     | Found Zucvic's Weapon Shop.
 34953 | D:14     | Bought the +4 sling "Xeackikaw" {speed, rElec rPois rC+}
                  | for 596 gold pieces
 34975 | D:14     | Found an iron altar of Okawaru.
 35189 | Spider:1 | Entered Level 1 of the Spider Nest
 35228 | Spider:1 | Found a transporter.
 35232 | Spider:1 | Noticed Bnni's ghost (adept MiFi)
 35240 | Spider:1 | Found a transporter.
 38231 | Spider:2 | You fall into a shaft and drop 1 floor!
 38374 | Spider:3 | Reached skill level 16 in Summonings
 40139 | Spider:3 | Learned a level 6 spell: Bombard
 40140 | Spider:4 | Entered Level 4 of the Spider Nest
 40863 | Spider:4 | Reached skill level 17 in Summonings
 41118 | Spider:4 | Noticed Bai Suzhen
 41143 | Spider:4 | Killed Bai Suzhen
 41255 | Spider:4 | Noticed Roxanne
 41265 | Spider:4 | Killed Roxanne
 41274 | Spider:4 | Reached XP level 18. HP: 101/147 MP: 24/31
 42215 | Spider:4 | Reached skill level 15 in Conjurations
 42312 | Spider:4 | Got a gossamer rune of Zot
 42318 | Spider:4 | Identified the orb "Viun" {light, MP+9 Str+3 Dex-5}
 42325 | Spider:4 | Identified the +0 hat of Cocytus {rElec Stlth+}
 42632 | Elf:1    | Entered Level 1 of the Elven Halls
 43019 | Elf:1    | Paralysed by an air elemental for 1 turns
 43021 | Elf:1    | Paralysed by an air elemental for 1 turns
 43024 | Elf:1    | Paralysed by an air elemental for 1 turns
 43586 | Lair:5   | Bought an Everburning Encyclopedia for 468 gold pieces
 44561 | Elf:1    | Reached skill level 18 in Summonings
 45445 | Elf:2    | Reached XP level 19. HP: 155/155 MP: 33/33
 45563 | Elf:2    | Found a huge runed translucent gate.
 45564 | Elf:2    | Found a huge runed translucent gate.
 45565 | Elf:2    | Found a huge runed translucent gate.
 45572 | Elf:2    | Found a huge runed translucent gate.
 45572 | Elf:2    | Found a huge runed translucent gate.
 46479 | Elf:2    | Reached XP level 20. HP: 161/161 MP: 34/34
 46939 | Elf:3    | Entered Level 3 of the Elven Halls
 46939 | Elf:3    | Found Ukokea's Antique Armour Emporium.
 46957 | Elf:3    | Found a runed translucent gate.
 46957 | Elf:3    | Found a runed translucent gate.
 46957 | Elf:3    | Found a runed translucent gate.
 47055 | Elf:3    | Reached skill level 15 in Spellcasting
 47068 | Elf:3    | Learned a level 7 spell: Malign Gateway
 48129 | Elf:3    | Reached skill level 5 in Translocations
 49427 | Elf:3    | Noticed a Tzitzimitl
 49636 | Elf:3    | Identified the +7 quarterstaff of the Kidney {venom,
                  | *Corrode rF++}
 49665 | Elf:3    | Got Sif Muna's Meditations on Gelid Vicissitude
 49698 | Elf:3    | Found the +3 Elemental Staff {ele, rElec rF+ rC+ AC+3}
 49940 | Elf:3    | Slain by a +0 giant spiked club

Illustrated notes

Levels and vault maps discovered:
D:1:      onia_arrival_handbag, layout_loops_ring
D:2:      layout_basic
D:3:      layout_basic, nicolae_overflow_two_pavilions,
          hellmonk_ecumenical_altar_zigzags, uniq_robin
D:4:      layout_cave_pools, marbit_many_paths
D:5:      layout_cave_pods, minivault_11
D:6:      layout_basic, minmay_temple_entry_large_hall, serial_shops,
          nicolae_shop_statue_plus, uniq_blork_the_orc
D:7:      layout_cave_pods, old_standard_altar, lemuel_coloured_pillars_altar,
          nicolae_grassy_gnolls
D:8:      layout_rooms, nicolae_tso_carved_into_rock, special_room
          [special_room_orc], kennysheep_diamond, nicolae_wwwww
D:9:      layout_irregular_city, david_lair_shrubbed, uniq_maurice, uniq_psyche,
          uniq_jeremiah, uniq_pikel
D:10:     layout_gridville, chequers_temple_overflow_statue_of_worship,
          david_orc_5
D:11:     layout_grid_maze, grunt_gozag_breadcrumbs, uniq_erolcha
D:12:     layout_small_grid, serial_shops, nicolae_shop_tiny_waterfront
D:13:     layout_roguey, david_vaults_1, gammafunk_ghost_hydra_chop,
          serial_shops, nicolae_diamond_shop, nicolae_stop_n_shop_2
D:14:     layout_loops_ring, serial_shops, nicolae_shop_window_shopping,
          gammafunk_ghost_fury_of_okawaru, hangedman_decor_clover_reticule,
          nicolae_uskayaw_en_pointe
Lair:1:   layout_cellular_growth, ebering_ghost_inner_flame,
          serial_bayou_shore_b, serial_bayou_shore_b, uniq_amaemon,
          uniq_gastronok
Lair:2:   layout_roguey, spider_nest_entry_rubble, gauntlet_entry_generic,
          minmay_lindwurm_lava, grunt_megastairs_3
Lair:3:   layout_small_grid, mainiacjoe_swamp_entry_angry_trees,
          portal_ice_cave_rime, infiniplex_staircase_pool_2
Lair:4:   layout_cave_shapes, serial_bayou_shore_a
Lair:5:   evilmike_catoblepas_cave, layout_small_grid,
          dpeg_slime_entry_enclosed, basic_altar, st_stairs_4,
          serial_bayou_shore_b
Swamp:1:  layout_falls_marsh, evilmike_swamp_ruin_house_4, swamp_pool_1_2,
          uniq_jorgrun
Swamp:2:  layout_basic_swamp, ebering_ghost_reflecting_pool,
          nicolae_swamp_feature_on_the_river_bank, uniq_mlioglotl
Swamp:3:  layout_falls_marsh, gammafunk_ghost_wrathful_warriors, basic_altar
Swamp:4:  swamp_alternative, layout_basic_swamp, swamp_pool_1_2,
          nicolae_swamp_treefoil, uniq_aizul, uniq_nikola, uniq_louise
Spider:1: layout_spider_delve, gammafunk_ghost_arena
Spider:2: layout_chambers, guppyfry_hornet_nest
Spider:3: layout_spider_delve, hellmonk_test_site, nicolae_spider_cling_halls
Spider:4: grunt_spider_rune_circles, uniq_bai_suzhen, uniq_roxanne
Orc:1:    layout_caves
Orc:2:    st_orc_mages, layout_caves, nicolae_shop_vocational
Elf:1:    nicolae_elf_arrival_fired_up, layout_loops_cross,
          nicolae_elf_blasts_and_bolts
Elf:2:    elven_hall_of_blades_hangedman_alternative [grunt_blade_entry_basic],
          layout_gridlike
Elf:3:    minmay_elf_hall, layout_geoelf_castle, serial_shops,
          nicolae_shop_stone, nicolae_elf_hall_of_bonks

Skill      XL: |  1  2  3  4  5  6  7  8  9 10 11 12 13 14 15 16 17 18 19 20 |
---------------+-------------------------------------------------------------+-----
Spellcasting   | 3 4 5 6 8 9 10 12 13 14 15 | 15.0
Fighting       | 1 2 3 4 5 6 8 10 12 13 14 15 16 | 16.0
Conjurations   | 5 6 7 9 10 13 14 15 16 | 16.0
Hexes          | 2 |  2.0
Translocations | 2 9 |  9.3
Shields        | 4 |  4.0
Dodging        | 4 |  4.0
Summonings     | 6 9 11 14 17 18 | 18.0
Necromancy     | 6 9 11 | 11.0
Stealth        | |  2.6
Fire Magic     | |  0.4

Action                     |  1- 3 |  4- 6 |  7- 9 | 10-12 | 13-15 | 16-18 | 19-21 || total
---------------------------+-------+-------+-------+-------+-------+-------+-------++-------
  Melee: Unarmed           |     5 |       |    18 |       |       |       |       ||    23
         Tentacles         |     2 |     1 |     5 |    37 |   108 |    17 |       ||   170
         Constrict         |     1 |     2 |     3 |    27 |    61 |     4 |       ||    98
         Dagger            |     1 |     6 |    12 |   105 |   289 |    50 |       ||   463
         Punch             |       |       |       |     1 |     7 |       |       ||     8
         Sling             |       |       |       |       |       |     3 |       ||     3
   Fire: Sling             |       |       |       |       |       |   148 |    10 ||   158
   Cast: Magic Dart        |    71 |   100 |   102 |   125 |   148 |       |       ||   546
         Searing Ray       |     1 |    15 |    19 |    14 |     8 |       |       ||    57
         Fulminant Prism   |       |       |    25 |   121 |   223 |     7 |       ||   376
         Iskenderun's Myst |       |       |     3 |    34 |   130 |     5 |       ||   172
         Summon Cactus Gia |       |       |       |       |    24 |   122 |    42 ||   188
         Spellforged Servi |       |       |       |       |    12 |    93 |    34 ||   139
         Stone Arrow       |       |       |       |       |     5 |    96 |    26 ||   127
         Haunt             |       |       |       |       |       |    96 |    50 ||   146
         Blink             |       |       |       |       |       |    11 |     2 ||    13
 Invoke: Potion Petition   |       |       |       |     1 |     2 |     2 |     1 ||     6
         Call Merchant     |       |       |       |       |     1 |       |       ||     1
  Evoke: Phial of floods   |       |       |       |       |       |     1 |       ||     1
         Wand              |       |       |       |       |       |     1 |       ||     1
    Use: Scroll            |     4 |     5 |     5 |     4 |    14 |    10 |     1 ||    43
         Potion            |     1 |     2 |     1 |     7 |     4 |    11 |     3 ||    29
   Stab: Distracted        |       |     1 |       |     1 |     5 |       |       ||     7
         Sleeping          |       |       |       |     2 |     2 |       |       ||     4
 Armour: Skin              |     9 |    38 |    46 |    98 |   318 |   387 |    75 ||   971
  Dodge: Dodged            |     8 |    21 |    45 |    82 |   208 |   219 |    29 ||   612
  Block: Buckler           |       |       |       |       |    83 |   134 |    10 ||   227

Table legend: (Time is in decaauts)
 A = Elapsed time spent in this place.
 B = Non-inter-level travel time spent in this place.
 C = Inter-level travel time spent in this place.
 D = Time resting spent in this place.
 E = Time spent auto-exploring this place.
 F = Levels seen in this place.
 G = Mean time per level.
                   A        B        C        D        E       F      G
               +--------+--------+--------+--------+--------+-----+--------+
         Total |  50029 |  46361 |   3668 |   4089 |  34741 |  32 | 1563.4 |
       Dungeon |  16222 |  14858 |   1364 |    730 |  11911 |  14 | 1158.7 |
          Lair |  11410 |   9872 |   1538 |   1916 |   6458 |   5 | 2282.0 |
         Swamp |   5922 |   5727 |    195 |    849 |   4040 |   4 | 1480.5 |
   Spider Nest |   7302 |   7090 |    212 |    167 |   5783 |   4 | 1825.5 |
  Orcish Mines |   2508 |   2309 |    199 |    344 |   1404 |   2 | 1254.0 |
   Elven Halls |   6664 |   6505 |    159 |     82 |   5144 |   3 | 2221.3 |
               +--------+--------+--------+--------+--------+-----+--------+

Top non-repeatable levels by time:
  Lair:2: 3039 daAuts
   Elf:3: 3000 daAuts
  Lair:5: 2652 daAuts
  Lair:3: 2500 daAuts
Spider:4: 2268 daAuts
 Swamp:3: 2120 daAuts
   Elf:1: 1863 daAuts
    D:13: 1853 daAuts
Spider:2: 1820 daAuts
Spider:1: 1803 daAuts
   Elf:2: 1801 daAuts
  Lair:1: 1742 daAuts
   Orc:2: 1645 daAuts
     D:9: 1630 daAuts
 Swamp:4: 1550 daAuts
